 Dungeon Crawl Stone Soup version 0.23.1 (webtiles) character file.

Game seed: 1284152619145916458

16983 Lauz the Severer (level 12, -7/110 HPs)
             Began as a Minotaur Berserker on Mar 2, 2019.
             Was a High Priest of Trog.
             Mangled by a nine-headed hydra (10 damage)
             ... on level 3 of the Lair of Beasts.
             The game lasted 00:28:02 (14038 turns).

Lauz the Severer (Minotaur Berserker)              Turns: 14038, Time: 00:28:04

Health: -7/110     AC: 12    Str: 26    XL:     12   Next: 14%
Magic:  11/11      EV: 18    Int:  4    God:    Trog [*****.]
Gold:   669        SH:  5    Dex: 11    Spells: 11/11 levels left

rFire    . . .     SeeInvis .   C - +4 war axe
rCold    . . .     Gourm    .   (no shield)
rNeg     . . .     Faith    .   t - +0 chain mail
rPois    .         Spirit   .   (helmet restricted)
rElec    .         Reflect  +   (no cloak)
rCorr    .         Harm     .   (no gloves)
MR       .....                  (no boots)
Stlth    ..........             N - +5 amulet of reflection
HPRegen  0.28/turn              H - +4 ring of evasion
MPRegen  0.12/turn              r - +3 ring of evasion

@: no status effects
A: retaliatory headbutt, horns 2
a: Berserk, Trog's Hand, Brothers in Arms, Renounce Religion


You were on level 3 of the Lair of Beasts.
You worshipped Trog.
Trog was extremely pleased with you.
You were very hungry.

You visited 2 branches of the dungeon, and saw 13 of its levels.

You collected 669 gold pieces.

Inventory:

Hand Weapons
 a - a +0 hand axe
 y - a +3 hand axe
 C - a +4 war axe (weapon)
 M - the +5 long sword of Bloodstone {slice, Int+3 Stlth+}
   (You found it on level 2 of the Lair of Beasts)

   It inflicts extra damage upon your enemies.
   It affects your intelligence (+3).
   It makes you more stealthy.
Missiles
 J - 6 silver javelins (quivered)
Armour
 t - a +0 chain mail (worn)
 B - a +0 shield
 D - a +1 plate armour
Jewellery
 b - an uncursed ring of resist corrosion
 e - an uncursed amulet of the acrobat
 r - a +3 ring of evasion (right hand)
 E - a +2 ring of dexterity
 H - a +4 ring of evasion (left hand)
 N - a +5 amulet of reflection (around neck)
Wands
 q - a wand of polymorph (13)
Scrolls
 d - 2 scrolls of remove curse
 k - 7 scrolls of identify
 l - 3 scrolls of fear
 p - a scroll of magic mapping
 u - a scroll of fog {unknown}
 x - 2 scrolls of enchant armour
 z - a scroll of immolation {unknown}
 A - a scroll of teleportation {unknown}
 G - a scroll of blinking {unknown}
 K - a scroll of vulnerability
 L - a scroll of summoning {unknown}
 Q - a scroll of enchant weapon {unknown}
Potions
 f - 5 potions of curing
 g - 2 potions of resistance {unknown}
 h - 3 potions of brilliance {unknown}
 i - 2 potions of agility {unknown}
 j - 3 potions of cancellation {unknown}
 n - 3 potions of berserk rage {unknown}
 o - 3 potions of lignification {unknown}
 s - 2 potions of flight {unknown}
 v - 4 potions of heal wounds {unknown}
 w - a potion of ambrosia {unknown}
 F - a potion of degeneration {unknown}
 I - 2 potions of haste {unknown}
 O - 3 potions of magic {unknown}
 P - a potion of mutation {unknown}
Comestibles
 c - 14 rations


   Skills:
 + Level 11.6 Fighting
 + Level 16.0 Axes
 + Level 11.7 Armour
 + Level 5.7 Dodging
 - Level 0.7 Stealth


You had 11 spell levels left.
You didn't know any spells.
Your spell library was empty.

Dungeon Overview and Level Annotations

Branches:
Dungeon (10/15)            Temple (0/1) D:5            Lair (3/6) D:9
  Swamp (0/4) Lair:3        Snake (0/4) Lair:3          Orc (0/2) D:9

Altars:
Cheibriados
Elyvilon
Fedhas
Hepliaklqana
Nemelex Xobeh
Qazlal
Ru
Sif Muna
Uskayaw
Vehumet
Xom
The Shining One

Shops:
D:7 (

Annotations:
Lair:3 exclusion: 2 oklob plants


Innate Abilities, Weirdness & Mutations

You reflexively headbutt those who attack you in melee.
You have a pair of horns on your head.


Message History

You see here a book of Misfortune.
The nine-headed hydra barely misses you.
You furiously retaliate!
You headbutt the nine-headed hydra! The nine-headed hydra bites you!
* * * LOW HITPOINT WARNING * * *
The nine-headed hydra bites you.
* * * LOW HITPOINT WARNING * * *
The nine-headed hydra closely misses you. x2
The nine-headed hydra misses you.
The nine-headed hydra bites you but does no damage.
The nine-headed hydra misses you.
The nine-headed hydra barely misses you.
It was a potion of curing.
You feel better.
The nine-headed hydra bites you but does no damage.
The nine-headed hydra bites you.
* * * LOW HITPOINT WARNING * * *
The nine-headed hydra bites you.
* * * LOW HITPOINT WARNING * * *
The nine-headed hydra bites you!
You die...

......,,,,,,,,,,,,,,,,,,,,,*
.....**,,***,*.P........,,,*
....##***######≈........,,,*
....P# ##.≈≈≈≈≈........,,,**
....#* ##≈≈≈≈≈≈≈≈.......,,,,*
.<..# ##.≈≈≈...≈≈≈......,,,**
.<..###.≈≈≈≈....≈≈≈.....,,,*
....#..≈≈≈PP....≈≈≈..##*,,,**
........≈≈...>.D@≈≈...#***,,*
........≈≈≈.P.≈h.≈≈≈..# *,**
.....!.≈≈≈≈..≈:.a≈≈..## *,**
#........N≈≈..≈≈≈≈≈.?#* *,,*
.(.......?≈≈≈≈≈≈≈≈....# *,,*
.........P.≈≈≈≈≈P....## *,**
..........####≈#≈.....# *,*
.........## #≈#.....P# **,*
...#.....#***###.....##**,,**


You could see a nine-headed hydra, a polar bear, a soldier ant and a naga.

Vanquished Creatures
  Harold (Lair:2)
  A two-headed ogre (D:9)
  4 oklob plants (Lair:1)
  An ugly thing (D:8)
  Joseph (D:7)
  4 spiny frogs (Lair:2)
  4 komodo dragons
  5 hippogriffs
  A spriggan (D:7)
  Sigmund (D:4)
  2 wyverns
  9 yaks
  A basilisk (Lair:2)
  Menkaure (D:5)
  19 soldier ants
  A naga (Lair:2)
  9 water moccasins
  6 porcupines
  2 orc warriors
  An ogre (D:9)
  3 phantoms
  4 centaurs
  7 crocodiles
  A big kobold (D:9)
  9 bullfrogs
  2 gnoll sergeants
  A scorpion (D:9)
  The ghost of grocchini the Skirmisher, a weakling FoAK of Lugonu (D:3)
  10 killer bees
  4 wights (D:6)
  2 howler monkeys (D:9)
  A vampire bat (Lair:2)
  A centaur zombie (D:9)
  A crimson imp (D:5)
  A bullfrog zombie (D:5)
  A quasit (D:8)
  2 centaur skeletons
  An orc priest (D:9)
  3 hounds
  2 iguanas
  Natasha (thrice) (D:3)
  7 hell rats
  9 orc wizards
  14 worker ants
  A hound skeleton (D:6)
  A howler monkey zombie (D:9)
  5 gnolls (D:6)
  7 adders
  A shadow imp (D:9)
  3 oozes
  2 adder zombies
  6 worms
  6 dart slugs
  6 leopard geckos
  29 orcs
  11 bats
  3 giant cockroaches
  3 goblins
  3 hobgoblins
  10 jackals
  A quokka (D:8)
  A ball python (D:3)
  3 frilled lizards
  9 kobolds
  A leopard gecko skeleton (D:5)
  2 quokka skeletons
  5 rats
  A fungus (Lair:2)
  3 plants (Lair:1)
287 creatures vanquished.

Vanquished Creatures (others)
  A fungus (Lair:3)
  8 plants
9 creatures vanquished.

Grand Total: 296 creatures vanquished

Notes
Turn   | Place    | Note
-------+----------+-------------------------------------------
     0 | D:1      | Lauz the Minotaur Berserker began the quest for the Orb.
     0 | D:1      | Reached XP level 1. HP: 19/19 MP: 0/0
   244 | D:1      | Reached skill level 4 in Axes
   244 | D:1      | Reached XP level 2. HP: 17/27 MP: 1/1
   689 | D:1      | Reached XP level 3. HP: 19/33 MP: 2/2
  1734 | D:2      | Reached ** piety under Trog
  1859 | D:2      | Reached XP level 4. HP: 41/41 MP: 3/3
  2048 | D:3      | Noticed Natasha
  2058 | D:3      | Killed Natasha
  2260 | D:3      | Reached skill level 5 in Fighting
  2260 | D:3      | Reached skill level 5 in Axes
  2576 | D:3      | Reached XP level 5. HP: 38/48 MP: 4/4
  2766 | D:3      | Noticed Natasha
  2773 | D:3      | Killed Natasha
  2832 | D:3      | Noticed Natasha
  2838 | D:3      | Killed Natasha
  2958 | D:3      | Found a hide-covered altar of Uskayaw.
  2958 | D:3      | Noticed a +0 dagger
  2959 | D:3      | Noticed a +0 hand axe
  3150 | D:3      | Found a runed translucent gate.
  3151 | D:3      | Found a runed translucent gate.
  3151 | D:3      | Found a runed translucent gate.
  3151 | D:3      | Noticed grocchini's ghost (weakling FoAK)
  3200 | D:3      | Killed grocchini's ghost
  3200 | D:3      | Reached skill level 6 in Axes
  3325 | D:3      | Found a deep blue altar of Sif Muna.
  3338 | D:3      | Reached XP level 6. HP: 56/56 MP: 5/5
  3800 | D:4      | Reached skill level 7 in Axes
  3911 | D:4      | Found a snail-covered altar of Cheibriados.
  3960 | D:4      | Found a blossoming altar of Fedhas.
  3990 | D:4      | Reached XP level 7. HP: 55/62 MP: 6/6
  4472 | D:4      | Noticed Sigmund
  4478 | D:4      | Killed Sigmund
  4515 | D:5      | Entered Level 5 of the Dungeon
  4554 | D:5      | Reached skill level 8 in Axes
  4786 | D:5      | Found a glowing golden altar of the Shining One.
  4992 | D:5      | Found a staircase to the Ecumenical Temple.
  5007 | D:5      | Found a sacrificial altar of Ru.
  5008 | D:5      | Found a sparkling altar of Nemelex Xobeh.
  5025 | D:5      | Reached *** piety under Trog
  5112 | D:5      | Noticed Menkaure
  5122 | D:5      | Killed Menkaure
  5122 | D:5      | Reached skill level 5 in Armour
  5122 | D:5      | Reached XP level 8. HP: 31/71 MP: 7/7
  5742 | D:6      | Reached skill level 9 in Axes
  6129 | D:6      | Found a radiant altar of Vehumet.
  6554 | D:7      | Found Xazinah's Weapon Emporium.
  6676 | D:7      | Noticed a hippogriff
  6685 | D:7      | Killed a hippogriff
  6685 | D:7      | Reached skill level 10 in Axes
  6685 | D:7      | Reached XP level 9. HP: 67/79 MP: 8/8
  6770 | D:7      | Noticed Joseph
  6787 | D:7      | Killed Joseph
  7048 | D:7      | Found a white marble altar of Elyvilon.
  7144 | D:7      | Reached **** piety under Trog
  7457 | D:8      | Reached skill level 11 in Axes
  7457 | D:8      | Reached skill level 5 in Dodging
  7703 | D:8      | Noticed a purple ugly thing
  7714 | D:8      | Killed a purple ugly thing
  7950 | D:8      | Found a stormy altar of Qazlal.
  8047 | D:8      | Found Hainwu's Assorted Antiques.
  8068 | D:8      | Found a shimmering altar of Xom.
  8107 | D:8      | Reached XP level 10. HP: 79/90 MP: 9/9
  8253 | D:8      | Found a hazy altar of Hepliaklqana.
  8514 | D:9      | Noticed a two-headed ogre
  8522 | D:9      | Killed a two-headed ogre
  8522 | D:9      | Reached skill level 12 in Axes
  9007 | D:9      | Received a gift from Trog
  9082 | D:9      | Found a staircase to the Lair.
  9142 | D:9      | Found a staircase to the Orcish Mines.
  9158 | D:9      | Reached skill level 10 in Armour
  9182 | D:10     | Entered Level 10 of the Dungeon
  9495 | Lair:1   | Entered Level 1 of the Lair of Beasts
  9540 | Lair:1   | Reached skill level 13 in Axes
  9938 | Lair:1   | Noticed an oklob plant
 10062 | Lair:1   | Reached skill level 10 in Fighting
 10266 | Lair:1   | Killed an oklob plant
 10266 | Lair:1   | Reached XP level 11. HP: 82/99 MP: 10/10
 10299 | Lair:1   | Noticed an oklob plant
 10334 | Lair:1   | Noticed an oklob plant
 10452 | Lair:1   | Killed an oklob plant
 10459 | Lair:1   | Killed an oklob plant
 10505 | Lair:1   | Noticed an oklob plant
 10530 | Lair:1   | Killed an oklob plant
 10863 | Lair:2   | Noticed Harold
 10870 | Lair:2   | Reached ***** piety under Trog
 10871 | Lair:2   | Reached skill level 14 in Axes
 10879 | Lair:2   | Killed Harold
 10901 | Lair:2   | Received a gift from Trog
 10904 | Lair:2   | Got a steaming short sword {god gift}
 11511 | Lair:2   | Reached skill level 15 in Axes
 12108 | Lair:3   | Noticed an oklob plant
 12108 | Lair:3   | Noticed an oklob plant
 12448 | Lair:3   | Noticed a six-headed hydra
 13205 | Lair:2   | Got a translucent long sword
 13206 | Lair:2   | Identified the +5 long sword of Bloodstone {slice, Int+3
                  | Stlth+} (You found it on level 2 of the Lair of Beasts)
 13479 | Lair:2   | Reached XP level 12. HP: 61/110 MP: 11/11
 13745 | Lair:3   | Reached skill level 16 in Axes
 14027 | Lair:3   | Found a staircase to the Snake Pit.
 14037 | Lair:3   | HP: 2/110 [nine-headed hydra (8)]
 14038 | Lair:3   | Mangled by a nine-headed hydra

Skill      XL: |  1  2  3  4  5  6  7  8  9 10 11 12 |
---------------+-------------------------------------+-----
Axes           | 4 5 6 7 8 10 11 13 15 16 | 16.0
Fighting       | 4 5 6 7 8 10 11 | 11.6
Dodging        | 3 4 5 |  5.7
Armour         | 3 5 7 9 10 11 | 11.7
Stealth        | |  0.7

Action                   |  1- 3 |  4- 6 |  7- 9 | 10-12 || total
-------------------------+-------+-------+-------+-------++-------
Melee: Hand axe          |    62 |   112 |   150 |       ||   324
       Headbutt          |    11 |    18 |    44 |    78 ||   151
       War axe           |       |       |   101 |   340 ||   441
Invok: Berserk           |     1 |     1 |     1 |     4 ||     7
  Use: Scroll            |       |     5 |     2 |     6 ||    13
       Potion            |       |       |       |     1 ||     1
 Stab: Sleeping          |     1 |       |       |       ||     1
  Eat: Chunk             |     3 |     8 |     7 |    15 ||    33
       Ration            |       |       |     2 |     2 ||     4
Armor: Animal skin       |    10 |     4 |       |       ||    14
       Ring mail         |       |    11 |       |       ||    11
       Chain mail        |       |       |    85 |   103 ||   188
Dodge: Dodged            |    42 |    59 |   152 |   308 ||   561
Block: Other             |       |     7 |    13 |    66 ||    86
       Reflection        |       |       |     2 |       ||     2
